 Dungeon Crawl Stone Soup version 0.24-a0-201-gf205589 (webtiles) character file.

Game seed: 4494803598363388979

157 Borgoz the Cutter (level 5, -8/35 HPs)
             Began as a Halfling Gladiator on Mar 24, 2019.
             Was an Initiate of Ashenzari.
             Mangled by an ogre
             ... wielding a +0 giant club
              (24 damage)
             ... on level 4 of the Dungeon.
             The game lasted 00:04:27 (3717 turns).

Borgoz the Cutter (Halfling Gladiator)              Turns: 3717, Time: 00:04:27

Health: -8/35      AC:  4    Str: 15    XL:     5   Next: 66%
Magic:  5/5        EV: 16    Int:  7    God:    Ashenzari [......]
Gold:   258        SH:  0    Dex: 16    Spells: 4/4 levels left

rFire    . . .     SeeInvis .   a - +0 rapier
rCold    . . .     Gourm    .   (shield restricted)
rNeg     . . .     Faith    .   r - +0 leather armour
rPois    .         Spirit   .   c - +0 helmet
rElec    .         Reflect  .   (no cloak)
rCorr    .         Harm     .   (no gloves)
MR       .....                  (no boots)
Stlth    ++........             (no amulet)
HPRegen  0.11/turn              (no ring)
MPRegen  0.09/turn              (no ring)

@: no status effects
A: small, mutation resistance 1
a: Curse Item, Renounce Religion


You were on level 4 of the Dungeon.
You worshipped Ashenzari.
Ashenzari was noncommittal.
You were near starving.

You visited 2 branches of the dungeon, and saw 5 of its levels.

You collected 258 gold pieces.

Inventory:

Hand Weapons
 a - a +0 rapier (weapon)
 b - a +0 blowgun
 y - a +3 short sword of distortion
Missiles
 d - 3 throwing nets (quivered)
 g - 3 curare-tipped needles
 m - 6 tomahawks
 n - 25 sling bullets
 o - 114 stones
 z - 17 poisoned needles
Armour
 c - a +0 helmet (worn)
 r - a +0 leather armour (worn)
Wands
 B - a wand of polymorph (8)
Scrolls
 e - 3 scrolls of teleportation {unknown}
 h - a scroll of fear {unknown}
 i - a scroll of enchant armour {unknown}
 k - 2 scrolls of amnesia
 l - a scroll of enchant weapon {unknown}
 s - a scroll of fog {unknown}
 t - 2 scrolls of remove curse
 u - a scroll of blinking {unknown}
 A - 3 scrolls of identify
 C - a scroll of immolation {unknown}
Potions
 j - 2 potions of curing
 p - a potion of cancellation
 q - a potion of ambrosia {unknown}
 v - a potion of lignification {unknown}
 w - a potion of degeneration {unknown}
 x - 2 potions of agility {unknown}
Comestibles
 f - 6 rations


   Skills:
 + Level 2.3 Fighting
 * Level 4.6 Short Blades
 + Level 2.6 Throwing
 * Level 2.3 Armour
 * Level 4.1 Dodging
 + Level 1.5 Stealth


You had 4 spell levels left.
You didn't know any spells.
Your spell library contained the following spells:

 Spells                   Type           Power        Failure   Level  Hunger
 Corona                   Hex            #......      50%         1    ##.....
 Ensorcelled Hibernation  Hex/Ice        #.....       65%         2    ###....
 Confuse                  Hex            #.......     86%         3    ####...
 Dazzling Spray           Conj/Hex       #.....       86%         3    ####...
 Tukima's Dance           Hex            #.......     86%         3    ####...


Dungeon Overview and Level Annotations

Branches:
Dungeon (4/15)             Temple (1/1) D:4

Altars:
Ashenzari
Dithmenos
Elyvilon
Fedhas
Hepliaklqana
Kikubaaqudgha
Makhleb
Okawaru
Ru
Sif Muna
Uskayaw
Wu Jian
Zin
The Shining One


Innate Abilities, Weirdness & Mutations

You are small and have problems with some larger weapons.
You are somewhat resistant to further mutation.


Message History

Aim: an ogre, wielding a +0 giant club (lightly wounded, poisoned)
You shoot a poisoned needle. The poisoned needle hits the ogre.
The ogre is lightly wounded.
Firing (i - inventory. (/) - cycle)
z - 18 poisoned needles (quivered)
Press: ? - help, Shift-Dir - straight line, f/p - ogre
Aim: an ogre, wielding a +0 giant club (lightly wounded, poisoned)
You shoot a poisoned needle.
The poisoned needle barely misses the ogre.
a - a +0 rapier (weapon)
You puncture the ogre!
The ogre is heavily wounded.
The ogre hits you with a +0 giant club!!
Ouch! That really hurt!
You are too injured to fight recklessly!
You are too injured to fight recklessly!
You barely miss the ogre.
The ogre is heavily wounded.
The ogre hits you with a +0 giant club!!
Ouch! That really hurt!
You die...

#..............##......
###......................
##.................#......
###.......................##
#........................##
##.....................###
##.............)......##
##...........>........#
##......@.........#..##
#.....O...#......#...#
#........##......##..##
#......####......###..#
#....### ......## #..##
#...## .......# ##..# #.###
.......# #..# .......##
........# ##.. ....(.. ##.


You could see an ogre.

Vanquished Creatures
  Terence (D:3)
  6 adders
  A gnoll (D:1)
  An ooze (D:2)
  A worm (D:3)
  A dart slug (D:1)
  2 leopard geckos
  A ball python (D:1)
  6 giant cockroaches
  9 goblins
  8 hobgoblins
  6 kobolds
  A quokka (D:3)
  4 bats
  3 frilled lizards
  A jackal skeleton (D:4)
  5 rats
57 creatures vanquished.

Notes
Turn   | Place    | Note
-------+----------+-------------------------------------------
     0 | D:1      | Borgoz the Halfling Gladiator began the quest for the Orb.
     0 | D:1      | Reached XP level 1. HP: 14/14 MP: 1/1
   157 | D:1      | Reached XP level 2. HP: 19/19 MP: 2/2
   369 | D:1      | Reached skill level 1 in Armour
   523 | D:1      | Reached XP level 3. HP: 24/24 MP: 3/3
  1145 | D:2      | Reached skill level 1 in Stealth
  1415 | D:2      | Reached XP level 4. HP: 15/29 MP: 4/4
  2284 | D:3      | Reached XP level 5. HP: 33/34 MP: 5/5
  2681 | D:3      | Noticed Terence
  2688 | D:3      | Killed Terence
  3467 | D:4      | Found a staircase to the Ecumenical Temple.
  3491 | Temple   | Entered the Ecumenical Temple
  3656 | Temple   | Became a worshipper of Ashenzari the Shackled
  3702 | D:4      | Noticed an ogre
  3717 | D:4      | Mangled by an ogre

Levels and vault maps discovered:
D:1:      matt_arrival_refuge, layout_loops_corners
D:2:      layout_basic
D:3:      layout_basic, uniq_terence
D:4:      layout_cave_pods, minmay_temple_entry_offerings, first_ration,
          ebering_ghost_sewer_d, uniq_edmund
Temple:   eino_temple_water

Skill      XL: |  1  2  3  4  5 |
---------------+----------------+-----
Armour         | 1 2 |  2.3
Fighting       | 2 |  2.3
Short Blades   | 4 |  4.6
Stealth        | 1 |  1.5
Dodging        | 4 |  4.1
Throwing       | |  2.6

Action                   |  1- 3 |  4- 6 || total
-------------------------+-------+-------++-------
Melee: Rapier            |    81 |    88 ||   169
 Fire: Blowgun           |       |     7 ||     7
Throw: Throwing net      |       |     1 ||     1
  Use: Scroll            |     1 |     2 ||     3
       Potion            |       |     1 ||     1
 Stab: Sleeping          |     1 |     6 ||     7
  Eat: Chunk             |     1 |     6 ||     7
Armor: Leather armour    |    17 |     8 ||    25
Dodge: Dodged            |    79 |    75 ||   154

Table legend:
 A = Non-vault XP
 B = Vault XP
 C = Vault XP percentage of total XP
 D = Non-vault monster count
 E = Vault monster count
 F = Vault count percentage of total count
                 A         B        C        D         E       F
            +---------+---------+-------+---------+---------+-------
      Total |     189 |      36 |  16.0 |      56 |       1 |   1.8
            +---------+---------+-------+---------+---------+-------
        D:1 |      50 |       0 |   0.0 |      19 |       0 |   0.0
        D:2 |      74 |       0 |   0.0 |      14 |       0 |   0.0
        D:3 |      47 |      36 |  43.4 |      20 |       1 |   4.8
        D:4 |      18 |       0 |   0.0 |       3 |       0 |   0.0
            +---------+---------+-------+---------+---------+-------
